 Dungeon Crawl Stone Soup version 0.29.1-15-g9cfb28693d (webtiles) character file.

Game seed: 14955474490317516821

420 javelincjr the Agent of Entropy (level 6, -2/45 (48) HPs)
             Began as a Demonspawn Abyssal Knight on Mar 22, 2023.
             Was a Priest of Lugonu.
             Slain by a wight
             ... wielding a +5 hand axe
              (10 damage)
             ... on level 5 of the Dungeon.
             The game lasted 00:12:59 (5535 turns).

javelincjr the Agent of Entropy (DsAK)              Turns: 5535, Time: 00:13:00

HP:   -2/45 (48)    AC: 10    Str: 16    XL:     6   Next: 62%
MP:   9/9           EV:  7    Int: 11    God:    Lugonu [***...]
Gold: 263           SH:  0    Dex: 13    Spells: 9/9 levels left

rFire   . . .      SeeInvis +   F - +2 war axe (freeze)
rCold   + . .      Faith    .   (no shield)
rNeg    . . .      Spirit   .   h - +0 chain mail
rPois   .          Reflect  .   (no helmet)
rElec   .          Harm     .   E - +0 cloak "Muulam" {rC+ Will+ rCorr Stlth+}
rCorr   +          Rampage  .   (no gloves)
Will    ++...                   (no boots)
Stlth   ..........              A - amulet of magic regeneration
HPRegen 0.15/turn               p - ring of see invisible
MPRegen 0.62/turn               s - ring of willpower

@: drained
A: magic regeneration, demonic magic 1
a: Renounce Religion, Depart the Abyss, Bend Space, Banish


You were on level 5 of the Dungeon.
You worshipped Lugonu.
Lugonu was most pleased with you.
You visited 1 branch of the dungeon, and saw 5 of its levels.
You visited the Abyss 1 time.

You collected 263 gold pieces.

Inventory:

Hand Weapons
 a - a +1 hand axe
 r - a +0 war axe
 F - a +2 war axe of freezing (weapon)
Missiles
 n - a throwing net
Armour
 b - a +0 leather armour
 h - a +0 chain mail (worn)
 l - a +1 cloak
 E - the +0 cloak "Muulam" (worn) {rC+ Will+ rCorr Stlth+}
   (You found it on level 5 of the Dungeon)

   rC:        It protects you from cold.
   rCorr:     It protects you from acid and corrosion.
   Will:      It increases your willpower.
   Stlth:     It makes you more stealthy.
Jewellery
 d - a ring of positive energy
 p - a ring of see invisible (left hand)
 s - a ring of willpower (right hand)
 A - an amulet of magic regeneration (around neck)
Wands
 q - a wand of quicksilver (15)
Scrolls
 e - 2 scrolls of teleportation
 i - 2 scrolls of magic mapping
 m - 2 scrolls of amnesia
 o - 2 scrolls of poison
 v - 2 scrolls of vulnerability
 w - a scroll of enchant armour
 y - a scroll of noise {unknown}
 C - a scroll of butterflies {unknown}
 D - a scroll of enchant weapon {unknown}
Potions
 c - a potion of magic
 f - a potion of resistance {unknown}
 g - 4 potions of degeneration
 j - 3 potions of haste
 k - a potion of berserk rage {unknown}
 t - a potion of brilliance {unknown}
 u - a potion of mutation {unknown}
 x - a potion of attraction {unknown}
 z - 2 potions of curing {unknown}
 B - a potion of heal wounds {unknown}


   Skills:
 + Level 4.0 Fighting
 + Level 3.1 Axes
 + Level 3.0 Armour
 + Level 2.5 Dodging
 * Level 2.3 Spellcasting
 + Level 4.3 Invocations


You had 9 spell levels left.
You didn't know any spells.
Your spell library was empty.

Dungeon Overview and Level Annotations

Branches:
Dungeon (5/15)
 Temple: D:4-7

Altars:

Shops:
D:2 [   D:4 *   D:5 (


Innate Abilities, Weirdness & Mutations

You regenerate magic rapidly.
Spells you cast may paralyse adjacent enemies.


Message History

F - a +2 war axe of freezing (weapon)
Things that are here:
a +0 hand axe; a +0 leather armour A wight comes into view.
It is wielding a +0 short sword.
A wight comes into view. It is wielding a +0 scimitar.
A wight comes into view. It is wielding a +5 hand axe.
The wight hits you with a +0 short sword.
You slash the wight! You punch the wight, but do no damage.
The wight is heavily damaged.
The wight hits you but does no damage.
You slash the wight!
The wight is heavily damaged.
You hit the wight. The wight hits you but does no damage.
The wight hits you with a +0 short sword.
The wight barely misses you. x2
You barely miss the wight.
The wight is heavily damaged.
You hit the wight but do no damage. The wight hits you with a +0 scimitar.
You closely miss the wight.
The wight is heavily damaged.
You closely miss the wight. The wight closely misses you.
The wight hits you with a +0 short sword.
You feel drained.
You hit the wight.
The wight is severely damaged.
You hit the wight but do no damage. x2; The wight hits you with a +5 hand axe!
The wight hits you with a +0 scimitar.
* * * LOW HITPOINT WARNING * * *
The wight misses you. The wight hits you with a +0 scimitar.
* * * LOW HITPOINT WARNING * * *
The wight hits you but does no damage.
The wight hits you with a +0 short sword.
* * * LOW HITPOINT WARNING * * *
You feel drained.
* * * LOW HITPOINT WARNING * * *
The wight attacks as you move away! The wight hits you but does no damage.
You hit the wight.
The wight is almost destroyed.
You barely miss the wight. The wight hits you with a +5 hand axe!
You die...

#........
#........
#........
......... ..
#........ ....
#........ ...
#........
####.####zz......
........@z.......
##
#...............
##.
##..............
##..
####...........
##...
#..#.......#
##....
#..#########
##..... #.##
##.....) ##.#
###.......
..###..##
##.........


You could see 3 wights.

Vanquished Creatures
  A scorpion (D:4)
  The ghost of jtron the Ruffian, a weakling DrMo (D:3)
  2 hounds
  3 orc priests
  2 orc wizards (D:4)
  3 gnolls (D:4)
  2 adders
  2 worms
  2 dart slugs
  3 orcs (D:5)
  6 endoplasms
  3 giant cockroaches
  2 goblins
  7 hobgoblins
  5 jackals (D:1)
  6 kobolds
  12 ball pythons
  4 bats
  A frilled lizard (D:2)
  2 rats
69 creatures vanquished.

Vanquished Creatures (others)
  27 plants (D:1)
27 creatures vanquished.

Grand Total: 96 creatures vanquished

Notes
Turn   | Place    | Note
-------+----------+-------------------------------------------
     0 | Abyss:1  | javelincjr the Demonspawn Abyssal Knight began the quest
                  | for the Orb.
     0 | Abyss:1  | Reached XP level 1. HP: 18/18 MP: 2/2
    80 | Abyss:1  | Noticed a large abomination
    89 | Abyss:1  | Noticed a large abomination
   130 | Abyss:1  | Noticed a flying skull
   143 | D:1      | Escaped the Abyss
   436 | D:1      | Reached skill level 1 in Dodging
   477 | D:1      | Gained mutation: You regenerate magic rapidly. [demonic
                  | ancestry]
   477 | D:1      | Reached XP level 2. HP: 4/24 MP: 4/4
  1543 | D:2      | Found Woirium's Armour Boutique.
  1578 | D:2      | Reached XP level 3. HP: 21/29 MP: 5/5
  2334 | D:2      | Found a faded altar of an unknown god.
  2721 | D:3      | Found a large runed translucent door.
  2721 | D:3      | Found a large runed translucent door.
  2725 | D:3      | Noticed jtron's ghost (weakling DrMo)
  2987 | D:3      | Reached XP level 4. HP: 26/35 MP: 6/6
  3335 | D:3      | Killed jtron's ghost
  3336 | D:3      | Reached skill level 1 in Spellcasting
  3665 | D:4      | Gained mutation: Spells you cast may paralyse adjacent
                  | enemies. [demonic ancestry]
  3665 | D:4      | Reached XP level 5. HP: 29/41 MP: 7/7
  4291 | D:4      | Reached XP level 6. HP: 46/48 MP: 9/9
  4930 | D:4      | Found Xaitecoru's Assorted Antiques.
  5247 | D:5      | Entered Level 5 of the Dungeon
  5328 | D:5      | Identified the +0 cloak "Muulam" {rC+ Will+ rCorr Stlth+}
  5375 | D:5      | Found Ganoth's Weapon Emporium.
  5440 | D:5      | Reached *** piety under Lugonu
  5535 | D:5      | Slain by a wight

Illustrated notes

Levels and vault maps discovered:
D:1:      lightli_arrival_chessboard, layout_rooms, serial_bayou_lagoon_a
D:2:      layout_rooms, serial_shops, shop, ebering_ecumenical_altar_mist
D:3:      layout_loops_ring, ebering_ghost_disaster_area
D:4:      layout_layer_cave, kennysheep_mini_moat, serial_shops,
          nicolae_take_the_stairs
D:5:      layout_cave_pods, old_standard_altar, gup_sewer_entry_pipe,
          serial_shops, shop_fountains, nicolae_shop_statue_plus

Skill      XL: |  1  2  3  4  5  6 |
---------------+-------------------+-----
Dodging        | 1 2 |  2.5
Axes           | 2 3 |  3.1
Armour         | 2 3 |  3.0
Invocations    | 3 4 |  4.3
Spellcasting   | 1 2 |  2.3
Fighting       | 4 |  4.0

Action                   |  1- 3 |  4- 6 || total
-------------------------+-------+-------++-------
Melee: Hand axe          |   133 |       ||   133
       Punch             |     1 |     1 ||     2
       War axe           |    31 |   121 ||   152
Invok: Depart the Abyss  |     1 |       ||     1
  Use: Scroll            |     5 |     5 ||    10
Armor: Leather armour    |    41 |       ||    41
       Chain mail        |    63 |   111 ||   174
Dodge: Dodged            |    85 |    45 ||   130
